cohdb
Replays
Latest Replays
All Replays
Popular Replays
Top Player Replays
Match Explorer
How It Works
Community
CoH3 Stats
Reddit
Sign in to upload your games and track your stats! →
Sign in with Steam
Match 43189933
Unlisted
Match 43189933
Overview
Messages
Build Orders
End
Panzergrenadier Squad
Kradschützen Motorcycle Team
Panzergrenadier Squad
Panzergrenadier Squad
Construct Light Support Kompanie
2.5-tonne Medical Truck
MG34 Team
Fire Support Elements
Panzerjäger Mechanized Group
Panzerpioneer Squad
Selects Italian Infantry
Selects Defensive Operations
Pak 38 Anti-tank Gun Team
Selects Prepared Positions
Pak 38 Mechanized Group
Selects Obice 305mm Barrage
Selects Guastatori Squad
Selects Registered Artillery
Selects Towed Cannone da 105/28 Field Howitzer
Construct Panzerarmee Kommand
Armored Reserves
MuniekPL
Papa Shango
Husar
Che Guevara
Gragas
MacGregory
0
0
Comments
sign in to comment!
No comments posted yet!